 Dungeon Crawl Stone Soup version 0.25.1-8-g42b30a86e7 (webtiles) character file.

Game seed: 7094862613606802390

260661 Erymatos the Hoplite (level 19, -19/179 HPs)
             Began as a Minotaur Berserker on Dec 1, 2020.
             Was a High Priest of Trog.
             Killed from afar by a hellion (32 damage)
             ... with damnation
             ... summoned by a deep elf demonologist
             ... on level 3 of the Elven Halls.
             The game lasted 01:09:59 (42070 turns).

Erymatos the Hoplite (Minotaur Berserker)          Turns: 42070, Time: 01:10:00

Health: -19/179    AC: 31    Str: 23    XL:     19   Next: 18%
Magic:  6/6        EV: 16    Int:  6    God:    Trog [*****.]
Gold:   822        SH: 30    Dex: 21    Spells: 18/18 levels left

rFire    + + +     SeeInvis +   t - +6 broad axe of Trog's Outrage {antimagic, Int+2}
rCold    + . .     Gourm    .   N - +0 tower shield
rNeg     + . .     Faith    .   L - +10 plate armour of Cuerik {-Tele rF+++ Str-5 SInv}
rPois    +         Spirit   .   g - -2 hat of the Alchemist {rElec rPois rF+ rC+ rN+ MR+ rMut rCorr}
rElec    +         Reflect  +   C - +1 cloak {Stlth+}
rCorr    +         Harm     .   P - +0 pair of gloves {Dex+3}
rMut     +         NoTele   +   f - +0 pair of boots
MR       ++...                  o - amulet of reflection
Stlth    ..........             x - +4 ring of evasion
HPRegen  0.39/turn              d - +6 ring of dexterity
MPRegen  0.10/turn

@: berserk cooldown, hasted and slowed
A: retaliatory headbutt, horns 2
}: 2/15 runes: decaying, gossamer
a: Berserk, Trog's Hand, Brothers in Arms, Renounce Religion


You were on level 3 of the Elven Halls.
You worshipped Trog.
Trog was extremely pleased with you.
You were not hungry.

You visited 6 branches of the dungeon, and saw 34 of its levels.
You visited 1 bazaar.

You collected 3349 gold pieces.
You spent 2527 gold pieces at shops.

Inventory:

Hand Weapons
 t - the +6 broad axe of Trog's Outrage (weapon) {antimagic, Int+2}
   (Trog gifted it to you on level 4 of the Swamp)

   It reduces the magical energy of the wielder, and disrupts the spells and
   magical abilities of those hit.
   Natural abilities and divine invocations are not affected.
   It affects your intelligence (+2).
Armour
 f - a +0 pair of boots (worn)
 g - the -2 hat of the Alchemist (worn) {rElec rPois rF+ rC+ rN+ MR+ rMut rCorr}
   (You bought it in a shop on level 9 of the Dungeon)

   It protects you from fire.
   It protects you from cold.
   It insulates you from electricity.
   It protects you from poison.
   It protects you from negative energy.
   It affects your resistance to hostile enchantments.
   It provides partial protection from all sources of acid and corrosion.
   It protects you from mutation.
 n - the +5 chain mail of Boanaipag {rPois MR+ Str-4 Dex+2}
   (You found it on level 15 of the Dungeon)

   It affects your strength (-4).
   It affects your dexterity (+2).
   It protects you from poison.
   It affects your resistance to hostile enchantments.
 C - a +1 cloak of stealth (worn)
 L - the +10 plate armour of Cuerik (worn) {-Tele rF+++ Str-5 SInv}
   (You found it on level 8 of the Dungeon)

   It affects your strength (-5).
   It renders you almost immune to fire.
   It lets you see invisible.
   It prevents most forms of teleportation.
 N - a +0 tower shield (worn)
 P - a +0 pair of gloves of dexterity (worn)
Jewellery
 a - an uncursed ring of flight
 d - a +6 ring of dexterity (right hand)
 i - an uncursed ring of positive energy
 o - an amulet of reflection (around neck)
 w - an uncursed ring of protection from magic
 x - a +4 ring of evasion (left hand)
 D - an uncursed amulet of the acrobat
Wands
 k - a wand of clouds (7)
 J - a wand of digging (8)
 K - a wand of acid (3)
Scrolls
 b - 2 scrolls of acquirement {unknown}
 j - 16 scrolls of remove curse
 l - 6 scrolls of fog
 r - 10 scrolls of enchant armour
 v - 5 scrolls of enchant weapon
 y - 13 scrolls of teleportation
 z - 4 scrolls of fear {unknown}
 B - 9 scrolls of immolation
 G - 5 scrolls of noise {unknown}
 H - 3 scrolls of blinking
 I - 2 scrolls of summoning {unknown}
 Q - 4 scrolls of magic mapping {unknown}
 V - a scroll of holy word {unknown}
 W - 2 scrolls of silence {unknown}
 Z - a scroll of vulnerability {unknown}
Potions
 e - 4 potions of resistance
 h - 4 potions of ambrosia
 m - 4 potions of mutation
 q - 5 potions of haste
 s - 4 potions of heal wounds
 u - 3 potions of might {unknown}
 A - 3 potions of invisibility {unknown}
 E - 13 potions of curing
 F - 8 potions of stabbing {unknown}
 M - 3 potions of cancellation {unknown}
 R - a potion of flight {unknown}
 U - 5 potions of brilliance {unknown}
 Y - 5 potions of lignification {unknown}
Miscellaneous
 O - a tin of tremorstones (3/3)
Comestibles
 c - 42 rations


   Skills:
 + Level 18.0 Fighting
 + Level 21.3 Axes
 + Level 15.6 Armour
 + Level 7.4 Dodging
 + Level 3.2 Stealth
 + Level 22.3 Shields


You had 18 spell levels left.
You didn't know any spells.
Your spell library was empty.

Dungeon Overview and Level Annotations

Branches:
Dungeon (15/15)            Temple (0/1) D:4            Lair (6/6) D:10
  Swamp (4/4) Lair:3       Spider (4/4) Lair:4        Slime (0/5) Lair:6
    Orc (2/2) D:11            Elf (3/3) Orc:2        Vaults (0/5) D:13
 Depths (0/5) D:15

Altars:
Ashenzari
Cheibriados
Dithmenos
Fedhas
Hepliaklqana
Makhleb
Nemelex Xobeh
Qazlal
Ru
Uskayaw
Wu Jian
Xom
The Shining One

Shops:
D:4 [   D:9 [   D:10 [   D:14 %   Orc:1 =%   Orc:2 *([=   Elf:1 =


Innate Abilities, Weirdness & Mutations

You reflexively headbutt those who attack you in melee.
You have a pair of horns on your head.


Message History

Unknown command.
Your deep troll goes berserk!
You feel somewhat more hungry. The hellion gestures at you.
The sphere of damnation explodes!
The damnation engulfs you!!
* * * LOW HITPOINT WARNING * * *
The damnation engulfs your deep troll!!
You hear a shout!
You feel much better.
The sixfirhy disappears in a puff of smoke!
The tormentor calls on the powers of darkness!
The deep elf sorcerer convulses!
The deep elf demonologist convulses!
Your body is wracked with pain!
* * * LOW HITPOINT WARNING * * *
Your deep troll convulses!
The deep elf sorcerer gestures at you while chanting.
You easily resist.
The hellion gestures at you.
The sphere of damnation explodes!
The damnation engulfs you!!
You die...

#.# #e# #2# #.# #2# #e#
#ยง# #.# #@# #T# #
#.######## ##
##########.)......### ##(
#..........(####...(#####.#
#..........<# #......##'##
##.........## #.......)###
#.........# #......(...#
##.......######...........


You could see a deep elf sorcerer (fast, empowered), a deep elf demonologist
(empowered), a hellion (summoned), a tormentor (summoned) and a friendly deep
troll (summoned, berserk).

Vanquished Creatures
  Bai Suzhen (Elf:3)
  Nikola (Spider:3)
  Jorgrun (Orc:1)
  A tentacled monstrosity (Swamp:3)
  Kirke (D:15)
  A storm dragon (D:15)
  A thorn hunter (Swamp:3)
  An orc warlord (Orc:2)
  2 ghost moths (Spider:4)
  A deep elf sorcerer (Elf:1)
  8 emperor scorpions
  5 entropy weavers
  A deep elf demonologist (Elf:2)
  Nessos (Lair:6)
  A deep elf annihilator (Elf:2)
  A deep elf death mage (Elf:1)
  A spark wasp (Spider:4)
  A ragged hierophant (Elf:2)
  A deep elf high priest (Elf:1)
  13 hydras
  A rakshasa (D:15)
  3 ghost crabs
  Harold (Orc:1)
  An ice dragon (Lair:6)
  3 shambling mangroves
  A catoblepas (Lair:6)
  3 centaur warriors
  12 alligators
  An ogre mage (D:13)
  14 dancing weapons
  3 tengu warriors
  4 two-headed ogres
  Urug (Orc:1)
  4 orc high priests
  14 deep elf knights
  2 spriggan druids
  2 skeletal warriors (D:15)
  7 swamp dragons
  4 unseen horrors
  2 tengu zombies (D:15)
  13 orb spiders
  3 lindwurms (Lair:6)
  A necromancer (D:15)
  A wizard (D:14)
  A phantasmal warrior (D:15)
  11 deep elf archers
  A mana viper (shapeshifter) (D:15)
  5 orc sorcerers
  20 ugly things
  A stone giant zombie (D:15)
  15 wolf spiders
  5 orc knights
  3 manticores
  3 cyclopes
  2 moths of wrath (Spider:4)
  69 deep elf magi
  Psyche (D:9)
  An elephant (Lair:4)
  4 black mambas
  19 spiny frogs
  5 torpor snails (Lair:6)
  2 gargoyles
  A molten gargoyle (Elf:2)
  A rime drake (shapeshifter) (Elf:1)
  10 komodo dragons
  9 demonic crawlers
  3 rime drakes
  A kobold demonologist (D:14)
  9 yaktaurs
  7 trolls
  30 jumping spiders
  A troll (shapeshifter) (Elf:2)
  20 hornets
  8 polar bears (Lair:6)
  14 tyrant leeches
  Grinder (D:6)
  2 saltlings (Elf:2)
  Prince Ribbit (D:5)
  5 dream sheep (Lair:6)
  10 blink frogs (Lair:6)
  18 slime creatures
  8 hippogriffs
  4 bog bodies
  A harpy skeleton (D:15)
  3 raiju (Lair:6)
  2 shadows
  An air elemental (Elf:3)
  A vampire (D:14)
  52 redbacks
  A wyvern (D:15)
  9 water elementals
  28 tarantellas
  2 wraiths (D:12)
  11 spriggans
  5 hogs (D:15)
  59 yaks
  A basilisk (Lair:6)
  3 fire elementals
  3 hungry ghosts
  8 wargs
  3 steam dragons (D:6)
  7 vampire mosquitoes
  15 swamp worms
  28 insubstantial wisps
  12 water moccasins
  12 hell hounds (Lair:6)
  Duvessa (D:6)
  Purgy (D:3)
  8 porcupines
  35 orc warriors
  8 sky beasts
  7 swamp drakes
  14 black bears
  2 eyes of draining (D:12)
  A hornet zombie (D:3)
  6 ice beasts
  A necrophage (D:10)
  A phantom (D:11)
  14 ogres
  29 wolves
  A boggart (D:13)
  20 centaurs
  10 crocodiles
  9 big kobolds
  17 bullfrogs
  2 gnoll sergeants
  Dowan (D:6)
  An earth elemental (Elf:2)
  3 wyvern skeletons
  2 scorpions
  A troll zombie (D:11)
  16 killer bees
  7 wights
  2 howler monkeys
  7 electric eels
  9 crimson imps
  3 centaur zombies
  A bullfrog zombie (D:8)
  11 jellies
  3 quasits
  A bullfrog skeleton (D:11)
  5 centaur skeletons
  13 hounds
  14 orc priests
  22 orc wizards
  Crazy Yiuf (D:6)
  Jessica (D:2)
  Terence (D:2)
  An iguana (D:9)
  12 worker ants
  5 ogre zombies (D:11)
  2 hound skeletons
  2 worker ant zombies (D:11)
  11 gnolls
  11 adders
  3 shadow imps
  An ooze (D:2)
  An adder skeleton (D:5)
  A worm (D:2)
  3 dart slugs
  5 leopard geckos
  77 orcs
  3 giant cockroaches
  6 goblins
  9 hobgoblins
  9 jackals
  6 quokkas
  5 ball pythons
  8 bats
  4 frilled lizards
  7 goblin zombies
  10 kobolds
  3 leopard gecko skeletons
  4 orc skeletons (D:11)
  10 orc zombies (D:11)
  7 rats
  3 briar patches (Swamp:3)
  A fungus (Lair:6)
  2 plants
1287 creatures vanquished.

Vanquished Creatures (collateral kills)
  the Lernaean hydra (Swamp:4)
  Arachne (Spider:3)
  A frost giant (D:15)
  An emperor scorpion (Spider:3)
  A deep elf demonologist (Elf:3)
  A deep elf high priest (Elf:3)
  9 hydras
  3 dancing weapons (Elf:2)
  A deep elf knight (Elf:2)
  5 swamp dragons (Swamp:4)
  2 orb spiders (Spider:4)
  A deep elf mage (Elf:2)
  A wolf spider (D:15)
  A cyclops (D:15)
  A frost giant skeleton (D:15)
  5 hornets
  A polar bear (Lair:6)
  2 raiju (Lair:6)
  2 spriggans (Swamp:2)
  A shadow (D:15)
  2 redbacks (Spider:4)
  2 vampire mosquitoes (Swamp:4)
  4 swamp drakes (Swamp:4)
  An orc warrior (Orc:1)
50 creatures vanquished.

Vanquished Creatures (others)
  An unseen horror (D:15)
  A jumping spider (Spider:4)
  A water elemental (Elf:3)
  An electric eel (Elf:1)
  A briar patch (Swamp:3)
  5 fungi
  22 plants
32 creatures vanquished.

Grand Total: 1369 creatures vanquished

Notes
Turn   | Place    | Note
-------+----------+-------------------------------------------
     0 | D:1      | Erymatos the Minotaur Berserker began the quest for the
                  | Orb.
     0 | D:1      | Reached XP level 1. HP: 19/19 MP: 0/0
   189 | D:1      | Reached XP level 2. HP: 27/27 MP: 1/1
   448 | D:1      | Reached XP level 3. HP: 33/33 MP: 2/2
   697 | D:2      | Reached ** piety under Trog
   756 | D:2      | Reached XP level 4. HP: 14/41 MP: 3/3
   778 | D:2      | HP: 2/41 [poisoned by a worker ant]
  1071 | D:2      | Noticed Terence
  1081 | D:2      | Reached skill level 5 in Axes
  1085 | D:2      | Killed Terence
  1085 | D:2      | Noticed Jessica
  1124 | D:2      | Killed Jessica
  1124 | D:2      | Reached XP level 5. HP: 47/47 MP: 4/4
  1421 | D:2      | Reached skill level 5 in Fighting
  1707 | D:3      | Found a snail-covered altar of Cheibriados.
  1750 | D:3      | Reached XP level 6. HP: 49/56 MP: 5/5
  1851 | D:3      | Noticed Purgy
  1873 | D:3      | Killed Purgy
  2107 | D:3      | Reached *** piety under Trog
  2681 | D:4      | Reached XP level 7. HP: 57/62 MP: 6/6
  2841 | D:4      | Found Guesukk's Antique Armour Boutique.
  2848 | D:4      | Found a shimmering altar of Xom.
  2875 | D:4      | Reached skill level 5 in Armour
  2875 | D:4      | Reached skill level 1 in Shields
  2903 | D:4      | Found a staircase to the Ecumenical Temple.
  3677 | D:5      | Entered Level 5 of the Dungeon
  3945 | D:5      | Reached XP level 8. HP: 63/71 MP: 7/7
  4036 | D:5      | Noticed Prince Ribbit
  4043 | D:5      | Reached skill level 1 in Stealth
  4053 | D:5      | Killed Prince Ribbit
  4481 | D:5      | Found a shimmering altar of Xom.
  4836 | D:6      | Noticed Grinder
  4846 | D:6      | Reached skill level 2 in Shields
  4854 | D:6      | Paralysed by Grinder for 3 turns
  4860 | D:6      | Killed Grinder
  4860 | D:6      | Reached **** piety under Trog
  4900 | D:6      | Found a runed translucent door.
  4901 | D:6      | Noticed Crazy Yiuf
  4943 | D:6      | Reached skill level 10 in Axes
  4985 | D:6      | Reached XP level 9. HP: 64/79 MP: 8/8
  5409 | D:6      | Noticed Duvessa
  5409 | D:6      | Noticed Dowan
  5418 | D:6      | Killed Duvessa
  5418 | D:6      | Killed Dowan
  5576 | D:6      | Found a burning altar of Makhleb.
  5988 | D:6      | Killed Crazy Yiuf
  6114 | D:7      | Reached skill level 3 in Shields
  6154 | D:7      | Noticed a two-headed ogre
  6165 | D:7      | Killed a two-headed ogre
  6972 | D:8      | Reached XP level 10. HP: 90/90 MP: 9/9
  7015 | D:8      | Reached ***** piety under Trog
  7025 | D:8      | Reached skill level 4 in Shields
  7100 | D:8      | Found a shattered altar of Ashenzari.
  7267 | D:8      | Got a glimmering plate armour
  7278 | D:8      | Identified the +10 plate armour of Cuerik {-Tele rF+++
                  | Str-5 SInv} (You found it on level 8 of the Dungeon)
  7650 | D:8      | Found a blossoming altar of Fedhas.
  7650 | D:8      | Found a stormy altar of Qazlal.
  7681 | D:8      | Found a burning altar of Makhleb.
  7688 | D:8      | Found a sparkling altar of Nemelex Xobeh.
  7689 | D:8      | Found a glowing golden altar of the Shining One.
  7692 | D:8      | Reached skill level 5 in Dodging
  7834 | D:9      | Noticed Psyche
  7842 | D:9      | Killed Psyche
  7885 | D:9      | Reached skill level 5 in Shields
  8132 | D:9      | Found Naoff's Armour Boutique.
  8135 | D:9      | Bought a +0 tower shield for 67 gold pieces
  8469 | D:9      | Found a hide-covered altar of Uskayaw.
  8788 | D:10     | Entered Level 10 of the Dungeon
  8988 | D:10     | Found a sacrificial altar of Ru.
  9028 | D:10     | Reached skill level 6 in Shields
  9031 | D:10     | Reached XP level 11. HP: 70/99 MP: 10/10
  9527 | D:10     | Found a staircase to the Lair.
  9585 | D:10     | Found Bast's Antique Armour Boutique.
  9604 | D:10     | Bought a pair of gloves for 144 gold pieces
 10179 | D:11     | Found a staircase to the Orcish Mines.
 10205 | D:11     | Reached ****** piety under Trog
 10205 | D:11     | Reached skill level 7 in Shields
 10249 | D:11     | Received a gift from Trog
 10513 | D:11     | Reached skill level 10 in Fighting
 10523 | D:11     | Noticed an unseen horror
 10545 | D:11     | Killed an unseen horror
 10779 | D:11     | Reached skill level 8 in Shields
 11674 | D:12     | Reached skill level 10 in Armour
 11701 | D:12     | Reached skill level 9 in Shields
 11783 | D:12     | Found a stormy altar of Qazlal.
 12849 | D:10     | Reached XP level 12. HP: 86/107 MP: 11/11
 13029 | Lair:1   | Entered Level 1 of the Lair of Beasts
 13186 | Lair:1   | Reached skill level 10 in Shields
 13885 | Lair:1   | Noticed an eight-headed hydra
 13892 | Lair:1   | Killed an eight-headed hydra
 14630 | Lair:1   | Got an iridescent rapier
 14631 | Lair:1   | Identified the +7 rapier "Ethrie Mief" {drain, rF++ Str+3
                  | Int+4} (You found it on level 1 of the Lair of Beasts)
 14922 | Lair:2   | Reached skill level 11 in Shields
 15106 | Lair:2   | Received a gift from Trog
 15659 | Lair:2   | Reached skill level 12 in Shields
 15962 | Lair:3   | Found a hazy altar of Hepliaklqana.
 16688 | Lair:3   | Found a staircase to the Swamp.
 17368 | Lair:4   | Found a hole to the Spider Nest.
 17445 | Lair:4   | Reached XP level 13. HP: 104/116 MP: 12/12
 17448 | Lair:4   | Reached skill level 13 in Shields
 18303 | Lair:5   | Found an ornate altar of the Wu Jian Council.
 18624 | Lair:5   | Noticed Nessos
 19204 | Lair:6   | Entered Level 6 of the Lair of Beasts
 19344 | Lair:6   | Killed Nessos
 19344 | Lair:6   | Reached skill level 14 in Shields
 19363 | Lair:6   | Received a gift from Trog
 19568 | Lair:6   | Reached skill level 15 in Axes
 19991 | Lair:6   | Found a staircase to the Slime Pits.
 20170 | Lair:6   | Found a runed translucent door.
 20236 | Lair:6   | Reached skill level 15 in Shields
 20573 | Lair:6   | Reached XP level 14. HP: 77/127 MP: 13/13
 20872 | Lair:6   | Received a gift from Trog
 21821 | Orc:1    | Entered Level 1 of the Orcish Mines
 21847 | Orc:1    | Found Ussirr's Jewellery Shoppe.
 21859 | Orc:1    | Bought a +4 ring of evasion for 468 gold pieces
 21930 | Orc:2    | Entered Level 2 of the Orcish Mines
 22039 | Orc:2    | Found Oniceq's Jewellery Boutique.
 22309 | Orc:2    | Found a flickering gateway to a bazaar.
 22333 | Orc:2    | Found Gogikket's Antique Weapon Boutique.
 22343 | Bazaar   | Entered a bazaar
 22459 | Bazaar   | Found Kocaasm's Distillery.
 22489 | Bazaar   | Found Xuggudgho's Distillery.
 22525 | Bazaar   | Found Ivokan's Gadget Emporium.
 22553 | Bazaar   | Found Inomn's Gadget Emporium.
 22588 | Bazaar   | Bought a potion of haste for 190 gold pieces
 22588 | Bazaar   | Bought a potion of haste for 190 gold pieces
 22588 | Bazaar   | Bought a potion of mutation for 152 gold pieces
 22588 | Bazaar   | Bought a potion of mutation for 152 gold pieces
 22588 | Bazaar   | Bought a potion of heal wounds for 95 gold pieces
 22588 | Bazaar   | Bought a potion of heal wounds for 95 gold pieces
 22588 | Bazaar   | Bought a potion of mutation for 152 gold pieces
 22616 | Bazaar   | Bought a potion of heal wounds for 40 gold pieces
 22616 | Bazaar   | Bought a potion of curing for 24 gold pieces
 22728 | Orc:2    | Received a gift from Trog
 22805 | Orc:2    | Found Vorilurchay's General Store.
 22805 | Orc:2    | Noticed an orc warlord
 22829 | Orc:2    | Killed an orc warlord
 22897 | Orc:2    | Found a staircase to the Elven Halls.
 22933 | Orc:2    | Bought a scroll of fog for 20 gold pieces
 23136 | Orc:2    | Found Bunich's Antique Armour Boutique.
 23287 | Orc:1    | Noticed Jorgrun
 23287 | Orc:1    | Noticed Urug
 23302 | Orc:1    | Killed Jorgrun
 23304 | Orc:1    | Killed Urug
 23701 | Orc:1    | Received a gift from Trog
 23812 | Orc:1    | Noticed Harold
 23821 | Orc:1    | Killed Harold
 23858 | Orc:1    | Found Gamnow's Food Shop.
 24044 | Orc:2    | Bought a potion of curing for 30 gold pieces
 24276 | D:13     | Reached skill level 16 in Shields
 24649 | D:13     | Reached XP level 15. HP: 136/136 MP: 14/14
 24829 | D:13     | Found a gate to the Vaults.
 24950 | D:13     | Found a shadowy altar of Dithmenos.
 25369 | D:14     | Found Xittit's Food Shoppe.
 26060 | D:15     | Entered Level 15 of the Dungeon
 26297 | D:15     | Found a staircase to the Depths.
 26317 | D:15     | Received a gift from Trog
 26324 | D:15     | Reached skill level 17 in Shields
 26385 | D:15     | Noticed a frost giant
 26386 | D:15     | Found a runed translucent door.
 26387 | D:15     | Noticed a storm dragon
 27139 | D:15     | Noticed Kirke
 27158 | D:15     | Killed Kirke
 27427 | D:15     | Received a gift from Trog
 27439 | D:15     | Killed a storm dragon
 27442 | D:15     | Killed a frost giant
 27467 | D:15     | Got a twisted hand axe
 27470 | D:15     | Got a faintly glowing chain mail
 27471 | D:15     | Identified the +1 hand axe "Canicuntirr" {vorpal, Str+5
                  | Stlth-} (You found it on level 15 of the Dungeon)
 27482 | D:15     | Identified the +5 chain mail of Boanaipag {rPois MR+ Str-4
                  | Dex+2} (You found it on level 15 of the Dungeon)
 27497 | D:15     | Identified Kem Bufol's Tome of the Unstable Birds
 27724 | Swamp:1  | Entered Level 1 of the Swamp
 27730 | Swamp:1  | Reached XP level 16. HP: 147/147 MP: 15/15
 28759 | Swamp:2  | Reached skill level 18 in Shields
 28774 | Swamp:2  | Reached skill level 15 in Fighting
 28985 | Swamp:2  | Paralysed by a hornet for 1 turns
 30134 | Swamp:3  | Noticed a tentacled monstrosity
 30147 | Swamp:3  | Killed a tentacled monstrosity
 30685 | Swamp:3  | Noticed a thorn hunter
 30699 | Swamp:3  | Killed a thorn hunter
 30717 | Swamp:3  | Received a gift from Trog
 31711 | Spider:1 | Entered Level 1 of the Spider Nest
 31720 | Spider:1 | Reached skill level 19 in Shields
 33375 | D:9      | Bought the -2 hat of the Alchemist {rElec rPois rF+ rC+ rN+
                  | MR+ rMut rCorr} for 708 gold pieces
 33375 | D:9      | Found the -2 hat of the Alchemist {rElec rPois rF+ rC+ rN+
                  | MR+ rMut rCorr}
 33614 | Swamp:4  | Entered Level 4 of the Swamp
 33628 | Swamp:4  | Received a gift from Trog
 33650 | Swamp:4  | Got a bloodstained broad axe {god gift}
 33651 | Swamp:4  | Identified the +6 broad axe of Trog's Outrage {antimagic,
                  | Int+2} (Trog gifted it to you on level 4 of the Swamp)
 33802 | Swamp:4  | Reached XP level 17. HP: 158/158 MP: 5/16
 33908 | Swamp:4  | Noticed the 27-headed Lernaean hydra
 33912 | Swamp:4  | Killed the 26-headed Lernaean hydra
 34861 | Swamp:4  | Got a decaying rune of Zot
 35429 | Spider:3 | Reached skill level 20 in Shields
 35571 | Spider:3 | Noticed Arachne
 35591 | Spider:3 | Killed Arachne
 35810 | Spider:3 | Noticed Nikola
 35824 | Spider:3 | Killed Nikola
 36545 | Spider:3 | Received a gift from Trog
 36883 | Spider:4 | Entered Level 4 of the Spider Nest
 36935 | Spider:4 | Reached skill level 15 in Armour
 37868 | Spider:4 | Reached skill level 21 in Shields
 37879 | Spider:4 | Reached XP level 18. HP: 168/168 MP: 0/17
 38109 | Spider:4 | Got a gossamer rune of Zot
 38488 | Elf:1    | Entered Level 1 of the Elven Halls
 38697 | Elf:1    | Found Kaalorefutu's Jewellery Shoppe.
 38941 | Elf:1    | Received a gift from Trog
 40356 | Elf:2    | Received a gift from Trog
 40775 | Elf:2    | Identified Lom Lobon's Grimoire of Confrontation
 41030 | Elf:2    | Found a huge runed translucent gate.
 41030 | Elf:2    | Found a huge runed translucent gate.
 41030 | Elf:2    | Found a huge runed translucent gate.
 41032 | Elf:2    | Found a huge runed translucent gate.
 41033 | Elf:2    | Found a huge runed translucent gate.
 41085 | Elf:2    | Reached skill level 22 in Shields
 41378 | Elf:2    | Received a gift from Trog
 41378 | Elf:2    | Reached XP level 19. HP: 176/179 MP: 6/18
 41591 | Elf:3    | Entered Level 3 of the Elven Halls
 42010 | Elf:3    | Noticed Bai Suzhen
 42039 | Elf:3    | Killed Bai Suzhen
 42069 | Elf:3    | HP: 4/179 [hellion/damnation[a deep elf demonologist] (24)]
 42070 | Elf:3    | Killed from afar by a hellion

Illustrated notes

Levels and vault maps discovered:
D:1:      minmay_arrival_stone_box, layout_loops_cross
D:2:      layout_rooms, first_ration, uniq_terence, uniq_jessica
D:3:      layout_basic, cheibriados_altar_1, uniq_purgy
D:4:      layout_basic, old_standard_altar, minmay_temple_entry_fiery,
          kennysheep_windowed_goal
D:5:      layout_layer_cave, basic_altar, uniq_prince_ribbit1
D:6:      cheibrodos_steamvent, layout_loops_ring, enter_ossuary_4,
          bloody_makhleb, uniq_crazy_yiuf_cottage, uniq_grinder, uniq_duvessa
D:7:      layout_basic
D:8:      layout_basic, evilmike_ruin_ashenzari,
          chequers_temple_overflow_minitemple
D:9:      layout_irregular_city, lemuel_crystal_altar, serial_shops,
          nicolae_shop_window_shopping, the_bakery, uniq_psyche
D:10:     layout_layer_cave, david_lair_shrubbed, serial_shops, shop_statue,
          nicolae_ru_sacrificial_ziggurat
D:11:     layout_long_grid, zombieorc1_lemuel
D:12:     layout_small_grid, nicolae_qazlal_general_emergency
D:13:     layout_layer_cave, hangedman_vaults_entry_quadrant_bands,
          nrook_campfire, hangedman_decor_opposing, minmay_fountain_box,
          grunt_dithmenos_smoke_and_mirrors
D:14:     layout_big_octagon, grunt_decor_arrowhead, serial_shops, shop
D:15:     gammafunk_depths_entry_grave, layout_basic, chequers_avenue,
          hangedman_decor_peaks_small, minmay_st_funbox, st_stairs_7, uniq_kirke
Lair:1:   layout_regular_city, nicolae_quartered_pool_little,
          serial_bayou_shore_b, serial_bayou_shore_a
Lair:2:   layout_long_grid, lemuel_fruit_tree, infiniplex_staircase_pool_2,
          grunt_megastairs_1
Lair:3:   layout_hall_layers, swamp_mist, basic_altar
Lair:4:   layout_loops_ring, spider_nest_entry_web_field, beast_lair_carwin_7
Lair:5:   layout_regular_city, lemuel_centaur_altar, grunt_megastairs_5,
          uniq_nessos
Lair:6:   hangedman_lair_caniforms_friends, layout_small_grid, wormcave,
          dpeg_slime_entry_corner
Swamp:1:  layout_falls_marsh, hangedman_swamp_pad, swamp_pool1
Swamp:2:  layout_falls_marsh, evilmike_swamp_ruin_house_4, swamp_pool5
Swamp:3:  layout_falls_marsh, evilmike_swamp_ruin_rubble_2, swamp_pool1
Swamp:4:  swamp, layout_basic_swamp
Spider:1: layout_spider_delve, drop_trap
Spider:2: layout_spider_delve
Spider:3: layout_chambers, uniq_arachne, uniq_nikola
Spider:4: grunt_spider_rune_circles
Orc:1:    layout_caves, serial_shops,
          nicolae_shop_temple_entry_statues_fountains,
          minmay_shop_enchanted_jewellery, uniq_harold, uniq_urug, uniq_jorgrun
Orc:2:    grunt_orc_gardens, layout_caves, grunt_orc_garden, grunt_orc_garden,
          grunt_orc_garden, grunt_orc_garden, serial_shops, bzr_entry_lakeside
Elf:1:    eino_elf_arrival_shootout, layout_onion_city, serial_shops,
          nicolae_shop_waterfront, kennysheep_underground_church,
          minmay_elf_sorcery
Elf:2:    layout_onion_city, portal_desolation_entry_nicolae_nacl,
          minmay_elf_annihilation, uniq_louise
Elf:3:    minmay_elf_hall_hex, layout_geoelf_grid, uniq_bai_suzhen

Skill      XL: |  1  2  3  4  5  6  7  8  9 10 11 12 13 14 15 16 17 18 19 |
---------------+----------------------------------------------------------+-----
Fighting       | 4 5 6 7 8 9 10 11 12 13 14 15 16 17 18 | 18.0
Axes           | 4 5 6 8 10 11 13 14 15 17 19 20 21 | 21.3
Armour         | 3 4 5 6 8 10 12 13 14 15 | 15.6
Dodging        | 3 4 5 6 7 |  7.4
Shields        | 1 2 3 6 9 12 15 16 17 19 21 22 | 22.3
Stealth        | 1 2 3 |  3.2

Action                   |  1- 3 |  4- 6 |  7- 9 | 10-12 | 13-15 | 16-18 | 19-21 || total
-------------------------+-------+-------+-------+-------+-------+-------+-------++-------
Melee: Hand axe          |    50 |   119 |       |   476 |       |       |       ||   645
       Headbutt          |     5 |    17 |    36 |   252 |   220 |   416 |    24 ||   970
       War axe           |       |     5 |   217 |   243 |       |       |       ||   465
       Spear             |       |       |       |   464 |   117 |       |       ||   581
       Broad axe         |       |       |       |       |  1078 |  1569 |    99 ||  2746
Invok: Berserk           |     1 |     5 |     4 |     2 |    14 |    14 |     1 ||    41
       Trog's Hand       |       |     2 |       |       |     4 |     6 |       ||    12
       Brothers in Arms  |       |       |       |     1 |     7 |    14 |     4 ||    26
 Abil: Evoke Flight      |       |       |       |       |     2 |       |       ||     2
       Stop Flying       |       |       |       |       |     1 |       |       ||     1
  Use: Scroll            |       |       |       |     9 |     1 |     5 |       ||    15
       Potion            |       |       |       |       |       |       |     5 ||     5
 Stab: Distracted        |       |       |       |       |     1 |     1 |       ||     2
       Confused          |       |       |       |       |       |     2 |       ||     2
  Eat: Chunk             |       |    11 |    13 |    30 |    36 |    51 |     2 ||   143
       Ration            |       |       |     2 |     2 |     5 |     4 |     1 ||    14
Armor: Animal skin       |     2 |       |       |       |       |       |       ||     2
       Chain mail        |    30 |    16 |       |       |       |   198 |       ||   244
       Scale mail        |       |    56 |    75 |    29 |       |       |       ||   160
       Plate armour      |       |       |       |   447 |   393 |   371 |    65 ||  1276
Dodge: Dodged            |    23 |    74 |   123 |   183 |   203 |   493 |    83 ||  1182
Block: Buckler           |       |    11 |    45 |    30 |       |       |       ||    86
       Tower shield      |       |       |       |   710 |  1281 |  1918 |   148 ||  4057
       Reflection        |       |       |       |       |    83 |    69 |    13 ||   165
